 Dungeon Crawl Stone Soup version 0.22-a0-223-g0f5d773 (webtiles) character file.

7 Gorglomux the Grasshopper (level 1, 0/10 HPs)
             Began as a Spriggan Warper on Feb 19, 2018.
             Slain by a gnoll
             ... wielding a +0 whip
              (7 damage)
             ... on level 1 of the Dungeon.
             The game lasted 00:00:43 (239 turns).

Gorglomux the Grasshopper (Spriggan Warper)          Turns: 239, Time: 00:00:44

Health: 0/10       AC:  2    Str:  7    XL:     1   Next: 83%
Magic:  5/5        EV: 18    Int: 14    God:
Gold:   30         SH:  0    Dex: 15    Spells: 5/5 levels left

rFire    . . .     SeeInvis +   a - +0 short sword
rCold    . . .     Gourm    .   (shield restricted)
rNeg     . . .     Faith    .   b - +0 robe
rPois    .         Spirit   .   (helmet restricted)
rElec    .         Reflect  .   (no cloak)
rCorr    .         Harm     .   (gloves unavailable)
MR       .....                  (boots unavailable)
Stlth    ++........             (no amulet)
HPRegen  0.03/turn              (no ring)
MPRegen  0.09/turn              (no ring)

@: very quick
A: very small, unfitting armour, see invisible, herbivore, speed 3, slow
metabolism 2
a: no special abilities


You were on level 1 of the Dungeon.
You were not hungry.

You visited 1 branch of the dungeon, and saw 1 of its levels.

You collected 30 gold pieces.

Inventory:

Hand Weapons
 a - a +0 short sword (weapon)
Missiles
 e - 5 tomahawks of dispersal (quivered)
Armour
 b - a +0 robe (worn)
Scrolls
 B - a scroll of blinking
 F - a scroll of magic mapping {unknown}
Potions
 C - 2 potions of heal wounds {unknown}
 D - a potion of agility {unknown}
 E - a potion of lignification {unknown}
Comestibles
 c - a ration


   Skills:
 - Level 1.5 Fighting
 - Level 2.1 Short Blades
 - Level 1.0 Throwing
 - Level 3.5 Dodging
 + Level 2.5 Stealth
 - Level 2.6 Spellcasting
   Level 4.4 Translocations


You had 5 spell levels left.
You didn't know any spells.

Dungeon Overview and Level Annotations

Branches:
Dungeon (1/15)

Altars:


Innate Abilities, Weirdness & Mutations

You are very small and have problems with some larger weapons.
You are too small for most types of armour.
You have supernaturally acute eyesight. (SInv)
You are a herbivore.
You cover ground extremely quickly.
You need consume almost no food.


Message History

There are monsters nearby!!!
Found 8 poisoned needles!
A gnoll comes into view!
It butts wielding a whip!
The gnoll shouts!!!
The goblin shouts!!! x2
The goblin misses you!
Found a stone staircase leading down!
You closely miss the goblin! The goblin butts you with a club!
The goblin barely misses you!
You skewer the goblin like a kebab!
The goblin is severely wounded!
The goblin butts you but does no damage!
The goblin misses you!
You swing at nothing!
You skewer the goblin like a kebab!
You annihilate the goblin!!!
You closely miss the goblin! The goblin completely misses you!
You swing at nothing!
You skewer the gnoll but do no damage! The gnoll hits you with a whip!!!
DANG rip

#.# #.#...#.##†#
#.# #.#...#.##.#
##.#
#.......##.#
...#
###...####..
#### ######.##
### #.......#
#.####..####
...#.....######
#.....@......#
.#####.##g#.##.#
..........# ..
#####.###.# . #.
#.# #.
#........#
..>..###.##.#
..... .. #......
##


You could see a gnoll.

Vanquished Creatures
  2 goblins (D:1)
  A bat (D:1)
  2 frilled lizards (D:1)
  A kobold (D:1)
  2 rats (D:1)
8 creatures vanquished.

Notes
Turn   | Place    | Note
-------+----------+-------------------------------------------
     0 | D:1      | Gorglomux the Spriggan Warper began the quest for the Orb.
     0 | D:1      | Reached XP level 1. HP: 10/10 MP: 5/5
    19 | D:1      | Reached skill level 1 in Stealth
   239 | D:1      | Slain by a gnoll

Vault maps used:
D:1:      saegor_arrival_simple_a, amethyst_killhole

Skill      XL: |  1 |
---------------+----+-----
Stealth        | 2 |  2.5
Fighting       | |  1.5
Short Blades   | |  2.1
Throwing       | |  1.0
Dodging        | |  3.5
Spellcasting   | |  2.6
Translocations | |  4.4

Action                   || total
-------------------------++-------
Melee: Short sword       ||    20
 Stab: Sleeping          ||     2
Armor: Robe              ||     2
Dodge: Dodged            ||    14

Table legend:
 A = Spawn XP
 B = Non-spawn XP
 C = Spawn XP percentage of total XP
 D = Spawn monster count
 E = Non-spawn monster count
 F = Spawn count percentage of total count
 G = Total turns spent on level
                    A         B        C        D         E        F      G
               +---------+---------+-------+---------+---------+-------+---------
         Total |       0 |      10 |   0.0 |       0 |       8 |   0.0 |   239
               +---------+---------+-------+---------+---------+-------+---------
           D:1 |       0 |      10 |   0.0 |       0 |       8 |   0.0 |   239
               +---------+---------+-------+---------+---------+-------+---------
